 Dungeon Crawl Stone Soup version 0.21-a0-630-g344d351 (webtiles) character file.

461714 Lanoc the Executioner (level 24, -1/200 HPs)
             Began as a Hill Orc Wanderer on Dec 24, 2017.
             Was the Champion of Beogh.
             Slain by an acid blob (10 damage)
             ... created by the Royal Jelly
             ... on level 5 of the Pits of Slime on Dec 25, 2017.
             The game lasted 04:44:58 (46789 turns).

Lanoc the Executioner (Hill Orc Wanderer)          Turns: 46789, Time: 04:44:58

Health: -1/200     AC: 46    Str: 25 (26) XL:     24   Next: 78%
Magic:  31/35      EV: 17    Int:  8 (9)  God:    Beogh [******]
Gold:   5868       SH: 34    Dex: 21      Spells: 23/23 levels left

rFire    . . .     SeeInvis +   W - +7 broad axe (chop)
rCold    . . .     Gourm    .   x - +8 large shield {AC+3}
rNeg     . . .     Faith    .   R - +15 Maxwell's patent armour {-Cast -Tele rElec MR+ rCorr}
rPois    +         Spirit   .   P - +2 helmet {SInv}
rElec    +         Reflect  +   J - +0 cloak of Duty {Regen+ Str+5 Int+3 Dex-2}
rCorr    +         Harm     .   v - +1 pair of gloves of Omission {Regen+}
MR       +....     NoTele   +   S - +0 pair of boots "Keskimn" {rElec Regen+} Stlth ..........NoCast +
                                y - amulet of Poroph {Reflect +Fly MR- Dex+3 SH+3 SInv}
HPRegen  1.63/turn              V - +5 ring of slaying
MPRegen  0.24/turn              m - ring of Xom's Recklessness {rElec Str+3 Stlth-}

@: no status effects
A: walk on water, talons 1, deterioration 1, dopey 2, frail 1, poison resistance
}: 1/15 runes: gossamer
a: Smiting, Recall Orcish Followers, Give Item to Named Follower, Resurrection,
Renounce Religion, Evoke Flight


You were on level 5 of the Pits of Slime.
You worshipped Beogh.
Beogh was exalted by your worship.
You were not hungry.

You visited 9 branches of the dungeon, and saw 45 of its levels.
You visited the Abyss 1 time.
You visited 1 bazaar.
You also visited: Trove and Ice Cave.

You collected 6880 gold pieces.
You spent 1012 gold pieces at shops.

Inventory:

Hand Weapons
 k - a +5 war axe of venom
 n - a +1 broad axe of flaming
 W - a +7 broad axe of chopping (weapon)
Missiles
 o - 3 steel javelins (quivered)
 w - 3 silver tomahawks
 Y - 7 exploding tomahawks
Armour
 v - the +1 pair of gloves of Omission (worn) {Regen+}
   (You bought it in a shop on level 1 of the Orcish Mines)

   It increases your rate of regeneration.
 x - a +8 large shield of protection (worn)
 J - the +0 cloak of Duty (worn) {Regen+ Str+5 Int+3 Dex-2}
   (You found it on level 4 of the Depths)

   It affects your strength (+5).
   It affects your intelligence (+3).
   It affects your dexterity (-2).
   It increases your rate of regeneration.
 P - a +2 helmet of see invisible (worn)
 R - the +15 Maxwell's patent armour (worn) {-Cast -Tele rElec MR+ rCorr}
   (You acquired it on level 12 of the Dungeon)

   It insulates you from electricity.
   It affects your resistance to hostile enchantments.
   It prevents spellcasting.
   It prevents most forms of teleportation.
   It protects you from acid and corrosion.
 S - the +0 pair of boots "Keskimn" (worn) {rElec Regen+}
   (You found it in a treasure trove)

   It insulates you from electricity.
   It increases your rate of regeneration.
Jewellery
 m - the ring of Xom's Recklessness (right hand) {rElec Str+3 Stlth-}
   (You found it on level 5 of the Dungeon)

   [ring of loudness]

   It affects your strength (+3).
   It insulates you from electricity.
   It makes you less stealthy.
 y - the amulet of Poroph (around neck) {Reflect +Fly MR- Dex+3 SH+3 SInv}
   (You took it off a frost giant on level 3 of the Depths)

   [amulet of reflection]

   It shields you and reflects attacks.
   It affects your dexterity (+3).
   It affects your resistance to hostile enchantments.
   It lets you see invisible.
   It lets you fly.
   It affects your SH (+3).
 N - an uncursed ring of protection from magic
 V - a +5 ring of slaying (left hand)
Wands
 c - a wand of digging (53)
 p - a wand of paralysis (81)
 s - a wand of enslavement (26)
 z - a wand of scattershot (7)
 A - a wand of disintegration (19)
 H - a wand of iceblast (12)
 K - a wand of clouds (5)
 M - a wand of flame (73)
 Q - a wand of random effects (30)
 U - a wand of acid (41)
Scrolls
 d - 4 scrolls of fear
 e - 20 scrolls of identify
 h - 11 scrolls of blinking
 i - 21 scrolls of teleportation
 l - a scroll of holy word
 q - 17 scrolls of remove curse
 r - 7 scrolls of magic mapping
 B - a scroll of enchant armour
 E - a scroll of enchant weapon
 T - a scroll of amnesia
Potions
 a - 6 potions of resistance
 b - 7 potions of ambrosia
 j - 6 potions of flight
 t - 7 potions of brilliance
 C - 3 potions of magic
 D - a potion of heal wounds
 F - 11 potions of curing
 I - 3 potions of agility
 L - 8 potions of haste
 O - 2 potions of invisibility
 X - 5 potions of cancellation
 Z - 4 potions of might
Miscellaneous
 g - 2 phantom mirrors
 G - a fan of gales
Comestibles
 f - 68 rations


   Skills:
 + Level 19.8 Fighting
 + Level 23.7 Axes
   Level 1.1(14.1) Maces & Flails
 + Level 12.9 Throwing
 + Level 17.9 Armour
 + Level 14.3 Dodging
 - Level 1.0 Stealth
 + Level 17.8 Shields
 + Level 17.4 Invocations
 + Level 4.3 Evocations


You had 23 spell levels left.
You didn't know any spells.

Dungeon Overview and Level Annotations

Branches:
Dungeon (15/15)            Temple (1/1) D:6            Lair (6/6) D:10
 Shoals (0/4) Lair:4       Spider (4/4) Lair:2        Slime (5/5) Lair:5
    Orc (2/2) D:10            Elf (3/3) Orc:2        Vaults (4/5) D:13
  Crypt (0/3) Vaults:3     Depths (5/5) D:15            Zot (0/5) Depths:5

Altars:
Ashenzari
Cheibriados
Dithmenos
Elyvilon
Fedhas
Gozag
Hepliaklqana
Kikubaaqudgha
Makhleb
Nemelex Xobeh
Okawaru
Qazlal
Ru
Sif Muna
Trog
Uskayaw
Vehumet
Wu Jian
Xom
Yredelemnul
Zin
The Shining One
Beogh
Jiyva

Shops:
D:8 =   Orc:1 [   Orc:2 *?(([[   Vaults:2 :   Depths:3 *

Portals:
Hell: Depths:1 Depths:2 Depths:3 Depths:4 Depths:5
Abyss: Depths:1 Depths:2 Depths:4
Pandemonium: Depths:3
Ziggurat: Depths:1

Annotations:
Lair:3 exclusion: 3 oklob plants


Innate Abilities, Weirdness & Mutations

You can walk on water.
You have sharp toenails.
Your body sometimes deteriorates upon taking damage.
You are very dopey. (Int -4)
You are frail. (-10% HP)
Your system is resistant to poisons. (rPois)


Message History

The azure jelly completely misses Zorug.
The azure jelly hits Zorug.
The azure jelly freezes Zorug!!!
The azure jelly barely misses Zorug.
The azure jelly hits Zorug.
You block the acid blob's attack.
The azure jelly hits Zorug but does no damage.
The azure jelly barely misses Zorug.
The azure jelly hits Zorug. x2
Zorug hits the azure jelly with a +2 glaive of freezing!!!
Zorug freezes the azure jelly.
The azure jelly dies!
The acid blob spits acid at you.
The splash of acid hits Saint Roka.
Saint Roka is splashed with acid.
The acid corrodes Saint Roka!
Your orc priest looks braver for a moment.
The acid blob closely misses you. The acid blob hits you.
* * * LOW HITPOINT WARNING * * *
You are splashed with acid!
The acid burns!
You resist.
* * * LOW HITPOINT WARNING * * *
The acid blob hits Saint Roka!!
Saint Roka is splashed with acid.
The acid blob hits you!
You die...

#........... #..........
###......... ##.
####...........
#..#####.#.............
#....#..................
.........<.o.Joo........
##.........oJJJo.......#
##.........JJJ@o........
#...........JJoJo.....#
#..........JJJJo.....# G#
#............J.....## ##..
....................# :[##.
#..................## =##..
...................## (#[#.#
....................########GJ
......................#...#._.


You could see 10 acid blobs, 4 azure jellies, a death ooze, the friendly Saint
Roka, the friendly Bogric the orc warlord, the friendly Bolgrim the orc warlord,
the friendly Thorok the orc warlord, the friendly Zorug the orc warlord, the
friendly Morbeogh the orc knight, the friendly Urtork the orc knight, the
friendly Nergalle and a friendly orc priest.

Vanquished Creatures
  the Royal Jelly (Slime:5)
  A juggernaut (Depths:4)
  Nikola (Spider:4)
  3 golden dragons
  3 liches
  4 tentacled monstrosities
  A titan (Depths:4)
  13 acid blobs
  2 quicksilver dragons (Depths:4)
  A deep elf master archer (Elf:3)
  4 sphinxes
  A deep elf blademaster (Elf:3)
  7 azure jellies
  Gastronok (Lair:3)
  A tengu reaver (Depths:3)
  3 shadow dragons
  2 storm dragons (Depths:4)
  Roxanne (Spider:3)
  8 frost giants
  4 draconian monks (Depths:5)
  A ghost moth (Spider:4)
  An iron dragon (Vaults:3)
  7 fire giants
  2 deep elf sorcerers (Elf:3)
  5 vault wardens
  A daeva (Abyss:3)
  A ghost moth (shapeshifter) (Depths:4)
  An emperor scorpion (Spider:4)
  An ironheart preserver (Vaults:4)
  A draconian scorcher (Depths:5)
  4 draconian annihilators (Depths:5)
  A reaper (IceCv)
  19 stone giants
  A juggernaut zombie (Depths:2)
  18 very ugly things
  2 entropy weavers (Spider:3)
  3 deep elf demonologists (Elf:3)
  2 black draconians (Depths:5)
  4 vampire knights
  4 green draconians (Depths:5)
  3 purple draconians (Depths:5)
  3 red draconians (Depths:5)
  2 deep elf annihilators
  6 spark wasps
  4 white draconians (Depths:5)
  Snorg (Lair:3)
  A merfolk javelineer (Depths:2)
  7 ettins
  4 crystal guardians (Depths:1)
  Josephine (D:15)
  3 death oozes
  12 ogre magi
  2 deep elf high priests (Elf:3)
  6 fire dragons
  A deep elf death mage (Elf:3)
  10 yaktaur captains
  19 great orbs of eyes
  5 rakshasas
  11 ice dragons
  A spriggan air mage (Depths:5)
  Harold (Lair:3)
  4 hydras
  5 vault guards
  2 catoblepae
  8 centaur warriors
  A hell hog (Depths:3)
  40 two-headed ogres
  2 death yaks (Lair:6)
  8 dancing weapons
  6 tengu warriors
  6 deep troll earth magi
  A vampire mage (Depths:5)
  8 deep troll shamans
  2 spriggan berserkers (Depths:2)
  2 thrashing horrors (Abyss:3)
  Sonja (D:15)
  14 deep elf knights
  A salamander mystic (Depths:5)
  2 hell knights
  2 fire crabs
  5 iron trolls
  2 unseen horrors
  A shadow wraith (Vaults:3)
  2 wizards (Depths:2)
  4 glowing orange brains
  An orange crystal statue (Depths:1)
  4 deep elf archers
  17 deep trolls
  A harpy (Vaults:4)
  5 ironbrand convokers
  2 death drakes (Depths:5)
  3 flayed ghosts
  3 lindwurms (Depths:5)
  3 necromancers
  16 wolf spiders
  3 salamanders (Depths:5)
  36 ugly things
  4 orb spiders
  A faun (shapeshifter) (Elf:2)
  26 deep elf magi
  4 shining eyes
  A salamander (shapeshifter) (Vaults:2)
  An orc sorcerer (Vaults:2)
  4 cyclopes
  4 elephants
  9 vault sentinels
  2 ice statues (IceCv)
  A merfolk siren (Lair:4)
  An eye of devastation (Slime:5)
  A torpor snail (Abyss:3)
  2 black mambas
  3 gargoyles
  6 spiny frogs
  The ghost of Lanoc the Skirmisher, a novice OpFi of Yredelemnul (D:5)
  4 komodo dragons
  39 yaktaurs
  2 kobold demonologists
  2 freezing wraiths
  A yaktaur (shapeshifter) (Vaults:3)
  5 demonic crawlers
  4 rime drakes (Lair:4)
  8 ice devils
  2 tengu conjurers (Depths:3)
  7 trolls
  2 meliai (shapeshifter)
  A merfolk (shapeshifter) (Depths:2)
  A wind drake (Depths:5)
  A wind drake (shapeshifter) (Depths:1)
  13 jumping spiders
  8 hippogriffs
  66 slime creatures
  3 blink frogs
  A tyrant leech (shapeshifter) (Depths:3)
  2 polar bears (Lair:5)
  A meliai zombie (D:15)
  A hornet (Vaults:3)
  A wolf spider simulacrum (D:15)
  A tyrant leech (Abyss:3)
  A hornet (shapeshifter) (Depths:3)
  A frost giant simulacrum (Vaults:3)
  7 air elementals
  A centaur simulacrum (D:13)
  9 tarantellas
  14 water elementals
  A vampire (D:15)
  45 redbacks
  A spriggan skeleton (Depths:2)
  22 yaks
  A wraith (D:15)
  3 wyverns (Lair:4)
  2 shadows (D:13)
  2 steam dragons
  6 basilisks
  4 hogs (Spider:3)
  A small abomination (Abyss:3)
  2 golden eyes (Slime:3)
  2 hungry ghosts
  2 vampire mosquitoes (D:14)
  2 wargs
  A swamp worm (shapeshifter) (Depths:3)
  A warg (shapeshifter) (Vaults:3)
  A naga (Depths:3)
  An acid dragon (Vaults:2)
  14 water moccasins
  3 floating eyes
  10 hell hounds
  5 orc warriors
  A porcupine (Lair:3)
  2 sky beasts
  4 swamp drakes (Depths:5)
  3 black bears
  3 ice beasts
  43 ogres
  8 eyes of draining
  A phantom (D:7)
  18 boggarts
  17 centaurs
  10 wolves (Lair:6)
  10 crocodiles
  15 bullfrogs
  14 big kobolds
  A wyvern zombie (D:13)
  2 glowing shapeshifter simulacra
  An earth elemental (Elf:1)
  A wyvern skeleton (D:8)
  3 scorpions
  6 killer bees (D:10)
  4 howler monkeys
  2 electric eels
  A bullfrog zombie (D:8)
  4 crimson imps
  A quasit (D:8)
  A centaur zombie (D:11)
  3 hounds
  2 centaur skeletons
  4 orc priests
  An iron imp (Depths:5)
  6 jellies
  18 orc wizards
  2 bullfrog skeletons
  Terence (D:3)
  3 iguanas
  7 worker ants
  A polar bear simulacrum (D:12)
  A wolf simulacrum (D:12)
  A hound skeleton (D:7)
  A worker ant zombie (D:5)
  5 gnolls
  15 adders
  A river rat (shapeshifter) (Depths:1)
  5 shadow imps
  6 white imps (IceCv)
  9 ufetubi (IceCv)
  3 oozes (D:7)
  4 worms
  3 dart slugs
  4 leopard geckos
  26 orcs
  3 ball pythons
  6 bats
  7 giant cockroaches
  12 hobgoblins
  15 jackals
  40 kobolds
  4 quokkas
  5 frilled lizards
  9 goblins
  2 leopard gecko skeletons
  A leopard gecko zombie (D:5)
  A quokka skeleton (D:4)
  5 rats
  2 river rat simulacra (D:12)
  4 fungi
  4 plants
1307 creatures vanquished.

Vanquished Creatures (collateral kills)
  Saint Roka (Vaults:2)
  Arachne (Spider:3)
  Jorgrun (Spider:3)
  Rupert (D:15)
  A deep elf master archer (Elf:3)
  An acid blob (Slime:2)
  4 sphinxes
  Kirke (Spider:3)
  2 tengu reavers
  2 storm dragons
  Donald (Orc:2)
  An azure jelly (Slime:5)
  A fire giant (Depths:3)
  An iron dragon (Depths:4)
  9 vault wardens
  2 ghost moths (Spider:4)
  Aizul (Elf:2)
  2 frost giants
  4 deep elf sorcerers (Elf:3)
  2 emperor scorpions (Spider:4)
  2 deep elf elementalists (Elf:3)
  6 ironheart preservers
  10 very ugly things
  6 stone giants
  10 deep elf demonologists (Elf:3)
  3 entropy weavers
  8 slime creatures
  12 deep elf annihilators (Elf:3)
  A spark wasp (Spider:3)
  2 death oozes (Slime:5)
  An ettin (D:15)
  3 fire dragons
  6 yaktaur captains
  3 deep elf death magi (Elf:3)
  A deep elf high priest (Elf:1)
  2 great orbs of eyes
  3 rakshasas
  A hydra (Lair:6)
  5 vault guards
  An ice dragon (Depths:4)
  2 catoblepae
  2 centaur warriors
  18 dancing weapons
  2 death yaks (Lair:6)
  2 tengu warriors
  23 two-headed ogres
  The ghost of happinesssam the Infuser, a novice DgSk (D:10)
  An orc high priest (Orc:2)
  8 ogre magi
  2 deep troll shamans (Depths:3)
  Nergalle (Lair:4)
  2 deep troll earth magi
  A thrashing horror (Abyss:3)
  7 deep elf knights
  A shadow wraith (Vaults:2)
  3 unseen horrors
  7 deep trolls
  12 deep elf archers
  A glowing orange brain (Vaults:3)
  An obsidian statue (Vaults:4)
  3 wizards
  2 harpies (Vaults:4)
  7 ironbrand convokers
  4 orc knights
  11 orb spiders
  17 ugly things
  15 wolf spiders
  An oklob plant (Lair:4)
  21 deep elf magi
  2 cyclopes
  2 orc sorcerers
  A shining eye (Slime:2)
  An orb spider (shapeshifter) (Depths:1)
  A salamander (shapeshifter) (Depths:3)
  2 moths of wrath
  9 vault sentinels
  An elephant (Lair:6)
  A black mamba (Lair:3)
  A torpor snail (Spider:2)
  4 centaur skeletons
  2 gargoyles
  3 spiny frogs
  A yaktaur zombie (Vaults:3)
  An efreet (D:14)
  5 rime drakes
  20 yaktaurs
  A yaktaur (shapeshifter) (Vaults:3)
  3 komodo dragons
  6 demonic crawlers
  An ice devil (D:15)
  2 tengu conjurers (Depths:1)
  A jumping spider (shapeshifter) (Vaults:3)
  A polar bear (shapeshifter) (Vaults:2)
  33 jumping spiders
  8 meliai
  6 trolls
  2 polar bears (Lair:6)
  6 hornets (Spider:4)
  9 hippogriffs
  6 blink frogs
  An air elemental (Elf:3)
  44 redbacks
  2 water elementals (Elf:1)
  7 wyverns
  A spriggan (D:9)
  29 yaks
  A spriggan (shapeshifter) (Vaults:3)
  A shadow (D:10)
  A hog (Spider:3)
  20 tarantellas
  A basilisk (Lair:4)
  5 wraiths (D:15)
  A human simulacrum (Vaults:2)
  Grum (D:11)
  3 hungry ghosts
  A vampire mosquito (D:14)
  A soldier ant (D:11)
  3 wargs
  2 water moccasins
  2 acid dragons (Vaults:2)
  A porcupine (Lair:3)
  A deep troll skeleton (Vaults:3)
  2 black bears
  3 ice beasts
  2 phantoms (D:11)
  3 sky beasts
  A necrophage (D:10)
  11 ogres
  4 orc warriors
  3 wolves
  2 boggarts (Vaults:1)
  4 centaurs
  8 crocodiles
  A big kobold (D:13)
  7 bullfrogs
  An earth elemental (Elf:3)
  2 scorpions
  4 wights (D:12)
  2 bullfrog zombies
  3 centaur zombies
  A wyvern simulacrum (D:14)
  A quasit (D:10)
  A jelly (D:11)
  4 orc priests
  A bullfrog skeleton (D:10)
  2 hounds
  4 iguanas
  4 orc wizards
  A worker ant (D:13)
  2 polar bear simulacra (D:12)
  3 wolf simulacra (D:12)
  2 yak simulacra (D:12)
  A hound zombie (D:9)
  3 gnolls (Orc:2)
  An adder (Lair:3)
  8 orcs
  2 jackals (D:10)
  5 kobolds (D:9)
  A bush (Lair:3)
  3 fungi
  14 plants
701 creatures vanquished.

Vanquished Creatures (others)
  5 orc warlords
  2 orc sorcerers
  A juggernaut skeleton (Depths:2)
  2 stone giants
  An ice dragon (Depths:2)
  2 spriggan air magi
  A centaur warrior (Vaults:3)
  An orc high priest (Depths:5)
  A deep elf knight (Elf:3)
  15 orc knights
  An unseen horror (shapeshifter) (Depths:4)
  2 deep elf archers (Vaults:3)
  A deep elf mage (Elf:2)
  2 cyclopes
  12 orc warriors
  20 yaktaurs
  A meliai (Spider:4)
  A swamp drake (Depths:5)
  An ogre (Depths:2)
  3 centaurs
  A boggart (Depths:4)
  A howler monkey (D:4)
  15 orc priests
  12 orc wizards
  3 white imps (IceCv)
  3 ufetubi (IceCv)
  A ball lightning (Abyss:3)
  42 orcs
  A ball python (D:4)
  A hobgoblin (D:4)
  A quokka (D:6)
  9 fungi
  22 plants
  7 toadstools (D:7)
194 creatures vanquished.

Grand Total: 2202 creatures vanquished

Notes
Turn   | Place    | Note
-------+----------+-------------------------------------------
     0 | D:1      | Lanoc the Hill Orc Wanderer began the quest for the Orb.
     0 | D:1      | Lanoc set off with: a +0 shield, a potion of lignification, a +0 ring mail, a +0 club, a ration
     0 | D:1      | Reached XP level 1. HP: 24/24 MP: 1/1
   204 | D:1      | Reached XP level 2. HP: 30/30 MP: 2/2
   338 | D:1      | You fall through a shaft!
   344 | D:2      | Found a snail-covered altar of Cheibriados.
   641 | D:1      | Reached XP level 3. HP: 23/37 MP: 3/3
   950 | D:2      | Reached skill level 1 in Dodging
   978 | D:2      | Reached skill level 1 in Axes
   978 | D:2      | Reached XP level 4. HP: 39/45 MP: 4/4
  1417 | D:2      | Reached XP level 5. HP: 51/51 MP: 5/5
  1707 | D:3      | Noticed Terence
  1728 | D:3      | Killed Terence
  1728 | D:3      | Reached skill level 2 in Axes
  2114 | D:4      | Became a worshipper of Beogh the Brigand
  2117 | D:4      | Reached XP level 6. HP: 51/58 MP: 6/6
  2853 | D:4      | Reached * piety under Beogh
  2918 | D:4      | Reached skill level 3 in Axes
  2928 | D:4      | Found a bloodstained altar of Trog.
  3133 | D:4      | Found a stormy altar of Qazlal.
  3430 | D:5      | Entered Level 5 of the Dungeon
  3504 | D:5      | Noticed a sky beast
  3515 | D:5      | Reached XP level 7. HP: 25/66 MP: 7/7
  3564 | D:4      | Gained mutation: You have sharp toenails. [potion of mutation]
  3564 | D:4      | Gained mutation: Your system is resistant to poisons. (rPois) [potion of mutation]
  3818 | D:4      | Reached skill level 4 in Axes
  4072 | D:5      | Got an ancient pewter ring
  4073 | D:5      | Identified the ring of Xom's Recklessness {rElec Str+3 Stlth-} (You found it on level 5 of the Dungeon)
  4158 | D:5      | Noticed Lanoc's ghost (novice OpFi)
  4171 | D:5      | Killed Lanoc's ghost
  4171 | D:5      | Reached XP level 8. HP: 25/74 MP: 8/8
  4357 | D:5      | Reached skill level 5 in Armour
  4516 | D:5      | Reached skill level 5 in Axes
  4672 | D:5      | Reached skill level 5 in Shields
  4977 | D:6      | HP: 2/75 [orc (3)]
  5251 | D:6      | Reached skill level 6 in Axes
  5251 | D:6      | Reached XP level 9. HP: 36/82 MP: 9/9
  5272 | D:6      | Reached ** piety under Beogh
  5522 | D:6      | Found a white marble altar of Elyvilon.
  5650 | D:6      | Found a staircase to the Ecumenical Temple.
  5806 | D:6      | Found a deep blue altar of Sif Muna.
  5924 | Temple   | Entered the Ecumenical Temple
  6862 | D:7      | Reached skill level 7 in Axes
  7590 | D:8      | Got a transparent robe
  7645 | D:8      | Identified the +1 robe of a Million Realms {rN+ Int+2 Dex-2 SInv} (You found it on level 8 of the Dungeon)
  7682 | D:8      | Noticed a two-headed ogre
  7748 | D:8      | Reached skill level 5 in Dodging
  7748 | D:8      | Reached XP level 10. HP: 88/92 MP: 10/10
  7802 | D:8      | Found a runed door.
  7949 | D:8      | Found Pocownih's Jewellery Shoppe.
  8379 | D:8      | Found a runed door.
  8451 | D:8      | Reached *** piety under Beogh
  8451 | D:8      | Reached skill level 8 in Axes
  8476 | D:8      | Noticed a two-headed ogre
  8477 | D:8      | Noticed a two-headed ogre
  8499 | D:8      | Killed a two-headed ogre
  8499 | D:8      | Reached skill level 10 in Fighting
  8585 | D:8      | Killed a two-headed ogre
  9004 | D:8      | Killed a two-headed ogre
  9004 | D:8      | Reached skill level 9 in Axes
  9148 | D:9      | Found a blossoming altar of Fedhas.
  9177 | D:9      | Reached XP level 11. HP: 98/101 MP: 11/11
  9245 | D:9      | Found a basalt altar of Yredelemnul.
  9303 | D:9      | Reached **** piety under Beogh
  9332 | D:9      | Noticed a two-headed ogre
  9340 | D:9      | Killed a two-headed ogre
  9432 | D:9      | Noticed a two-headed ogre
  9443 | D:9      | Killed a two-headed ogre
  9524 | D:9      | Found a sparkling altar of Nemelex Xobeh.
  9714 | D:9      | Identified a scroll of acquirement
  9731 | D:10     | Entered Level 10 of the Dungeon
  9731 | D:10     | Noticed a two-headed ogre
  9740 | D:10     | Killed a two-headed ogre
  9940 | D:10     | Found a staircase to the Orcish Mines.
  9954 | D:10     | Reached skill level 10 in Axes
 10111 | D:10     | Gained Harm as an ally
 10172 | D:10     | Found a staircase to the Lair.
 10519 | D:11     | Gained Warrok as an ally
 10532 | D:11     | Noticed Grum
 10538 | D:11     | Reached ***** piety under Beogh
 10540 | D:11     | Gained Borgoth as an ally
 10543 | D:11     | Killed Grum
 10658 | D:11     | Noticed a two-headed ogre
 10664 | D:11     | Killed a two-headed ogre
 10976 | D:12     | Reached XP level 12. HP: 96/111 MP: 12/12
 11152 | D:12     | Reached skill level 11 in Axes
 11258 | D:12     | Found the +15 Maxwell's patent armour {-Cast -Tele rElec MR+ rCorr}
 11475 | D:12     | Reached skill level 10 in Armour
 11786 | D:13     | Noticed a centaur warrior
 11796 | D:13     | Killed a centaur warrior
 11796 | D:13     | Reached skill level 10 in Shields
 11859 | D:13     | Your ally Borgoth died
 11899 | D:13     | Noticed a two-headed ogre
 11906 | D:13     | Killed a two-headed ogre
 11907 | D:13     | Noticed an ogre mage
 11922 | D:13     | Killed an ogre mage
 12014 | D:13     | Found a gate to the Vaults.
 12083 | D:13     | Reached skill level 12 in Axes
 12196 | D:13     | Reached XP level 13. HP: 118/119 MP: 13/13
 12266 | D:13     | Gained Zorug as an ally
 12452 | D:13     | Gained Orbeogh as an ally
 12452 | D:13     | Reached ****** piety under Beogh
 13324 | D:14     | Your ally Orbeogh died
 13326 | D:14     | Reached skill level 1 in Invocations
 13464 | D:14     | Reached skill level 1 in Throwing
 13945 | D:15     | Entered Level 15 of the Dungeon
 13969 | D:15     | Found a frozen archway.
 13989 | IceCv    | Entered an ice cave
 14326 | IceCv    | Reached skill level 13 in Axes
 14361 | IceCv    | Noticed a reaper
 14394 | IceCv    | Killed a reaper
 14907 | D:15     | Noticed an ettin
 14912 | D:15     | Noticed Sonja
 14922 | D:15     | Killed Sonja
 14929 | D:15     | Noticed an ogre mage
 14936 | D:15     | Killed an ogre mage
 14939 | D:15     | Found a staircase to the Depths.
 15196 | D:15     | Noticed Rupert
 15216 | D:15     | Killed Rupert
 15227 | D:15     | Reached XP level 14. HP: 80/129 MP: 15/17
 15394 | D:15     | Found a portal to a secret trove of treasure.
 15934 | D:15     | Noticed Josephine
 15944 | D:15     | Reached skill level 14 in Axes
 15951 | D:15     | Killed Josephine
 16180 | Lair:1   | Entered Level 1 of the Lair of Beasts
 16416 | Lair:1   | Reached skill level 5 in Invocations
 16545 | Lair:1   | Gained Harm as an ally
 17375 | Lair:2   | Got a polished hand axe
 17376 | Lair:2   | Identified the +3 hand axe of the Girdle {freeze, Str+4} (You found it on level 2 of the Lair of Beasts)
 17431 | Lair:2   | Found a hole to the Spider Nest.
 17464 | Lair:2   | Gained Bogric as an ally
 18003 | Lair:3   | Noticed Snorg
 18024 | Lair:3   | Killed Snorg
 18093 | Lair:3   | Noticed Gastronok
 18107 | Lair:3   | Killed Gastronok
 18319 | Lair:3   | Noticed Harold
 18331 | Lair:3   | Killed Harold
 18913 | Lair:4   | Noticed Nergalle
 18937 | Lair:4   | Killed Nergalle
 19056 | Lair:4   | Reached XP level 15. HP: 104/138 MP: 19/19
 19064 | Lair:4   | Reached skill level 15 in Axes
 19273 | Lair:4   | Found a staircase to the Shoals.
 19811 | Lair:5   | Found a viscous altar of Jiyva.
 19812 | Lair:5   | Found a staircase to the Slime Pits.
 20094 | Lair:6   | Entered Level 6 of the Lair of Beasts
 20637 | Lair:6   | Reached skill level 5 in Throwing
 20694 | Lair:6   | Got a jewelled scale mail
 20705 | Lair:6   | Identified the cursed +0 scale mail "Ykongaep" {rN+ Int+2 Dex+3 Stlth+} (You found it on level 6 of the Lair of Beasts)
 21079 | Orc:1    | Entered Level 1 of the Orcish Mines
 21207 | Orc:1    | Found Opaps's Antique Armour Shop.
 21218 | Orc:1    | Bought a pair of slimy gloves for 304 gold pieces
 21228 | Orc:1    | Identified the +1 pair of gloves of Omission {Regen+} (You bought it in a shop on level 1 of the Orcish Mines)
 21436 | Orc:2    | Entered Level 2 of the Orcish Mines
 21562 | Orc:2    | Found a staircase to the Elven Halls.
 21671 | Orc:2    | Found Zehuast's Armour Shoppe.
 21698 | Orc:2    | Found Jaewniy's Antique Weapon Boutique.
 21702 | Orc:2    | Gained Alork as an ally
 21709 | Orc:2    | Reached skill level 16 in Axes
 21715 | Orc:2    | Your ally Alork died
 21716 | Orc:2    | Gained Berold as an ally
 21718 | Orc:2    | Noticed Donald
 21736 | Orc:2    | Killed Donald
 21736 | Orc:2    | Reached skill level 10 in Dodging
 21779 | Orc:2    | Found Aqaxzeim's Antique Weapon Emporium.
 21780 | Orc:2    | Found Muhyjou's Magic Scroll Emporium.
 21994 | Orc:2    | Found Resuethro's General Store.
 22065 | Orc:2    | Found a runed door.
 22132 | Orc:2    | Gained Bogfrid as an ally
 22168 | Orc:2    | Found a roughly hewn altar of Beogh.
 22411 | Spider:1 | Entered Level 1 of the Spider Nest
 22719 | Spider:1 | Reached XP level 16. HP: 147/147 MP: 22/22
 23652 | Spider:2 | Gained Bolgrim as an ally
 24132 | Spider:3 | Noticed Roxanne
 24174 | Spider:3 | Reached skill level 17 in Axes
 24212 | Spider:3 | Killed Roxanne
 24212 | Spider:3 | Reached skill level 15 in Fighting
 24337 | Spider:3 | Noticed Arachne
 24337 | Spider:3 | Noticed Kirke
 24338 | Spider:3 | Noticed Jorgrun
 24353 | Spider:3 | Killed Arachne
 24359 | Spider:3 | Killed Jorgrun
 24360 | Spider:3 | Killed Kirke
 24634 | Spider:4 | Entered Level 4 of the Spider Nest
 24659 | Spider:4 | Got a coiled bone ring
 24661 | Spider:4 | Identified the ring "Mialatz" {*Tele +Inv MR+} (You found it on level 4 of the Spider Nest)
 24714 | Spider:4 | Got a transparent morningstar
 24722 | Spider:4 | Identified the cursed +1 morningstar "Jenlowu" {speed, Str+2} (You found it on level 4 of the Spider Nest)
 24816 | Spider:4 | Gained Agrik as an ally
 24892 | Spider:4 | Reached XP level 17. HP: 156/156 MP: 24/24
 24958 | Spider:4 | Reached skill level 10 in Invocations
 25021 | Spider:4 | Your ally Agrik died
 25036 | Spider:4 | Your ally Bolgrim died
 25156 | Spider:4 | Got a gossamer rune of Zot
 25361 | Spider:4 | Noticed Nikola
 25373 | Spider:4 | Killed Nikola
 25373 | Spider:4 | Reached skill level 18 in Axes
 25768 | D:10     | Killed happinesssam's ghost
 25873 | D:15     | You paid a toll of 2 scrolls of acquirement to enter a treasure trove
 25874 | Trove    | Entered a treasure trove
 26031 | Trove    | Got a brightly glowing robe
 26037 | Trove    | Got a pair of encrusted boots
 26041 | Trove    | Got a pair of jewelled boots
 26072 | Trove    | Identified the +1 robe "Faurex" {*Contam rPois Str+2 Dex+3} (You found it in a treasure trove)
 26089 | Trove    | Identified the +2 pair of boots of Wipsadgha {rPois MR+ Dex+3} (You found it in a treasure trove)
 26099 | Trove    | Identified the +0 pair of boots "Keskimn" {rElec Regen+} (You found it in a treasure trove)
 26166 | Trove    | Got a polished cloak
 26236 | Trove    | Got a faintly glowing plate armour
 26239 | Trove    | Got a heavily runed plate armour
 26245 | Trove    | Identified the +0 cloak "Zugiwe" {*Drain rPois Str+3 Dex+4} (You found it in a treasure trove)
 26246 | Trove    | Identified the +2 plate armour of Death's Door {rElec rPois} (You found it in a treasure trove)
 26247 | Trove    | Identified the +1 plate armour "Kiosusch" {*Contam rPois rC+ Slay+2} (You found it in a treasure trove)
 26356 | Vaults:1 | Entered Level 1 of the Vaults
 26738 | Vaults:1 | Gained Urtork as an ally
 27377 | Vaults:1 | Noticed a sphinx
 27386 | Vaults:1 | Killed a sphinx
 27994 | Vaults:2 | Found Heoppeam's Book Boutique.
 28013 | Vaults:2 | Noticed Saint Roka
 28041 | Vaults:2 | Killed Saint Roka
 28150 | Vaults:2 | Gained Thorok as an ally
 28350 | Vaults:2 | Reached XP level 18. HP: 110/166 MP: 26/26
 28556 | Vaults:2 | Reached skill level 19 in Axes
 28557 | Vaults:2 | Your ally Harm died
 30065 | Vaults:3 | Reached XP level 19. HP: 49/174 MP: 28/28
 30488 | Vaults:3 | Reached skill level 20 in Axes
 30726 | Vaults:3 | Got a slimy halberd
 30727 | Vaults:3 | Identified the +7 halberd "Dragonbane" {flame, *Drain rPois Str+4} (You found it on level 3 of the Vaults)
 30889 | Vaults:3 | Found a staircase to the Crypt.
 30889 | Vaults:3 | Found a basalt altar of Yredelemnul.
 30890 | Vaults:3 | Found an ancient bone altar of Kikubaaqudgha.
 30940 | Vaults:3 | You fall through a shaft!
 31213 | Vaults:4 | Gained Urtork as an ally
 31753 | Vaults:4 | Found a gateway to a bazaar.
 31794 | Bazaar   | Entered a bazaar
 31794 | Bazaar   | Found Kimugga's Weapon Shoppe.
 31794 | Bazaar   | Found Xaqol's Gadget Shop.
 31796 | Bazaar   | Found Tiaruaso's Distillery.
 31796 | Bazaar   | Found Wualalui's General Store.
 31846 | Bazaar   | Bought a potion of cancellation for 72 gold pieces
 31846 | Bazaar   | Bought a potion of cancellation for 72 gold pieces
 31846 | Bazaar   | Bought a potion of heal wounds for 45 gold pieces
 31846 | Bazaar   | Bought a potion of haste for 90 gold pieces
 31851 | Bazaar   | Bought the +1 halberd "Wutuzaj" {speed, *Rage Str+5 Int+5} for 429 gold pieces
 32637 | Vaults:4 | Reached skill level 15 in Armour
 33094 | Elf:1    | Entered Level 1 of the Elven Halls
 33497 | Elf:1    | Gained Bogdar as an ally
 33667 | Elf:1    | Gained Bolgrim as an ally
 33834 | Elf:2    | Reached skill level 15 in Shields
 33839 | Elf:2    | Reached XP level 20. HP: 184/184 MP: 29/29
 33934 | Elf:2    | Found a runed gate.
 33935 | Elf:2    | Found a runed gate.
 33942 | Elf:2    | Found a runed gate.
 34093 | Elf:2    | Reached skill level 21 in Axes
 34446 | Elf:2    | Noticed Aizul
 34460 | Elf:2    | Killed Aizul
 34741 | Elf:3    | Entered Level 3 of the Elven Halls
 34972 | Elf:3    | Your ally Bolgrim died
 34985 | Elf:3    | Your ally Bogdar died
 35028 | Elf:3    | Your ally Warrok died
 35029 | Elf:3    | Your ally Bogfrid died
 35034 | Elf:3    | Noticed a Brimstone Fiend
 35063 | Elf:3    | Reached skill level 10 in Throwing
 35303 | Elf:3    | Identified the Collected Works on the Earthen Volcanoes
 35307 | Elf:3    | Got a translucent ring mail
 35324 | Elf:3    | Got a twisted ring mail
 35354 | Elf:3    | Identified the cursed +1 ring mail of the Earth {rF+} (You found it on level 3 of the Elven Halls)
 35355 | Elf:3    | Identified the cursed +0 ring mail of the Vaults {rPois MR+++ MP+9 Str-2} (You found it on level 3 of the Elven Halls)
 35367 | Elf:3    | Got a warped leather armour
 35368 | Elf:3    | Identified the cursed +1 leather armour of Liriewk {Str+2} (You found it on level 3 of the Elven Halls)
 35454 | Elf:3    | Identified the cursed +2 hunting sling "Luyzeo" {flame, Int+5} (You found it on level 3 of the Elven Halls)
 35652 | Elf:3    | Noticed a Tzitzimitl
 35685 | Elf:3    | Gained Morbeogh as an ally
 36027 | D:10     | Upgraded the game from 0.21-a0-625-g1119ec1 to 0.21-a0-630-g344d351
 36147 | Depths:1 | Entered Level 1 of the Depths
 36147 | Depths:1 | Found a runed door.
 36433 | Depths:1 | Found a gateway to a ziggurat.
 36533 | Depths:1 | Reached XP level 21. HP: 192/192 MP: 31/31
 36716 | Depths:1 | Your ally Harm died
 36736 | Depths:1 | Your ally Berold died
 36751 | Depths:1 | Your ally Urtork died
 37070 | Depths:1 | Found a one-way gate to the infinite horrors of the Abyss.
 37084 | Depths:1 | Gained mutation: Your body sometimes deteriorates upon taking damage. [a neqoxec]
 37150 | Depths:1 | Found a gateway to Hell.
 37409 | Depths:1 | Identified the Incunabulum of Spatial Envenoming
 37998 | Depths:1 | Reached skill level 22 in Axes
 38032 | Depths:2 | Paralysed by a floating eye for 3 turns
 38470 | Depths:2 | Noticed a golden dragon
 38487 | Depths:1 | Killed a golden dragon
 38582 | Depths:2 | Gained Nordag as an ally
 38583 | Depths:2 | Your ally Nordag died
 39231 | Depths:2 | Reached skill level 15 in Invocations
 39259 | Depths:2 | Reached XP level 22. HP: 202/202 MP: 33/33
 40126 | Depths:3 | Found Cuotesh's Serpentskin Sales.
 40218 | Depths:3 | Found a one-way gate leading to the halls of Pandemonium.
 40478 | Depths:3 | Paralysed by a floating eye for 4 turns
 40511 | Depths:3 | Got a polished chain mail
 40517 | Depths:3 | Identified the +1 chain mail of Untold Secrets {rPois Int-5 Slay+2} (You found it on level 3 of the Depths)
 40531 | Depths:3 | Got a twitching graven amulet
 40962 | Depths:4 | Paralysed by a sphinx for 3 turns
 41027 | Depths:4 | Gained Borgoth as an ally
 41119 | Depths:4 | Your ally Borgoth died
 41124 | Depths:4 | Gained Learuk as an ally
 41154 | Depths:4 | Identified the amulet of Poroph {Reflect +Fly MR- Dex+3 SH+3 SInv} (You took it off a frost giant on level 3 of the Depths)
 41377 | Depths:4 | Identified the +0 cloak of Duty {Regen+ Str+5 Int+3 Dex-2} (You found it on level 4 of the Depths)
 41405 | Depths:4 | Your ally Learuk died
 41579 | Depths:4 | Reached XP level 23. HP: 137/211 MP: 34/34
 41707 | Depths:4 | Gained Brandogh as an ally
 41711 | Depths:4 | Gained Harm as an ally
 41828 | Depths:4 | Your ally Brandogh died
 41833 | Depths:4 | Your ally Harm died
 41833 | Depths:4 | Paralysed by a great orb of eyes for 2 turns
 41848 | Depths:4 | Reached skill level 23 in Axes
 42159 | Depths:4 | Noticed a golden dragon
 42163 | Depths:4 | Noticed a juggernaut
 42179 | Depths:4 | Killed a golden dragon
 42187 | Depths:4 | Killed a juggernaut
 42299 | Depths:5 | Entered Level 5 of the Depths
 42458 | Depths:5 | Cast into level 3 of the Abyss (a lich)
 42643 | Depths:5 | Escaped the Abyss
 42656 | Depths:5 | Gained Rocco as an ally
 42657 | Depths:5 | Your ally Rocco died
 42658 | Depths:5 | Gained Korbok as an ally
 42671 | Depths:5 | Gained Borgoth as an ally
 42676 | Depths:5 | Your ally Korbok died
 42760 | Depths:5 | Your ally Borgoth died
 42879 | Depths:5 | Reached skill level 1 in Evocations
 42910 | Depths:5 | Found a gate to the Realm of Zot.
 42930 | Depths:5 | Reached XP level 24. HP: 143/221 MP: 35/35
 44002 | Slime:1  | Entered Level 1 of the Pits of Slime
 44039 | Slime:1  | Paralysed by a great orb of eyes for 2 turns
 44762 | Slime:2  | Gained mutation: You are dopey. (Int -2) [a shining eye]
 44841 | Slime:2  | Gained mutation: You are very dopey. (Int -4) [a shining eye]
 44844 | Slime:2  | Gained mutation: You are frail. (-10% HP) [a shining eye]
 44855 | Slime:2  | Gained Blodwig as an ally
 45399 | Slime:3  | Your ally Blodwig died
 46637 | Slime:5  | Entered Level 5 of the Pits of Slime
 46748 | Slime:5  | Found a viscous altar of Jiyva.
 46748 | Slime:5  | Noticed the Royal Jelly
 46787 | Slime:5  | Killed the Royal Jelly
 46789 | Slime:5  | HP: 9/200 [acid[the Royal Jelly] (2)]
 46789 | Slime:5  | Slain by an acid blob

Vault maps used:
D:1:      dpeg_arrival_short_road, serial_forest,
          infiniplex_forest_clump_double, infiniplex_forest_lined_corner,
          infiniplex_forest_straight_4, infiniplex_forest_lined_room_3,
          infiniplex_forest_clump_tiny, infiniplex_forest_clump_long,
          infiniplex_forest_clump_small, infiniplex_forest_lined_room_2
D:2:      kennysheep_slug_shrine
D:3:      first_ration, uniq_terence
D:4:      corexii_shack_village, lemuel_coloured_pillars_altar,
          nicolae_zen_rock_garden, minivault_14, grunt_qazlal_sundering
D:5:      cheibrodos_thug_alley
D:6:      kennysheep_orc_sif_temple, elyvilon_altar_4, temple_hall
D:7:      cheibrodos_fertilizer
D:8:      cheibrodos_histonic, serial_shops, shop
D:9:      kennysheep_mini_moat, kennysheep_mini, lemuel_crystal_altar,
          the_bakery
D:10:     erik_lair_dragon, david_orc_2
D:11:     hangedman_decor_clover_reticule, uniq_grum
D:12:     eino_house_with_fridge
D:13:     hangedman_vaults_entry_quadrant_bands, minmay_joined_circles
D:14:     minmay_misc_feat_ornament, pond
D:15:     hangedman_depths_entry_civil_slaughter,
          nicolae_trove_entry_free_sample, hex_medium,
          portal_ice_cave_demonic_guard, uniq_josephine, uniq_sonja, uniq_rupert
Temple:   regret_index_temple_sphere_string
Lair:1:   minivault_27, lemuel_fruit_fields
Lair:2:   nicolae_spider_entry_tight_spaces, serial_bayou_shore_a
Lair:3:   minmay_lair_venomous_thicket, minmay_lair_oklob_chamber, uniq_harold,
          uniq_snorg, uniq_gastronok
Lair:4:   elwin_shoals_entry_rooms, uniq_nergalle
Lair:5:   dpeg_slime_entry_enclosed_altar, gammafunk_lair_bear_cave
Lair:6:   grunt_lair_end_beastmaster, hibernation_bobbens
Spider:2: nicolae_spider_mines_3
Spider:3: uniq_jorgrun, uniq_arachne, uniq_roxanne, uniq_kirke
Spider:4: grunt_spider_rune_parallel, uniq_nikola
Slime:1:  cheibrodos_slime_lost_civilization_10
Slime:3:  cheibrodos_slime_lost_civilization_4
Slime:4:  nicolae_slime_phagocytosis
Orc:1:    serial_shops, shop
Orc:2:    st_orc_open, serial_shops, nicolae_shop_crystal,
          lightli_church_of_beogh, uniq_donald
Elf:1:    minmay_elf_arrival_circle, kennysheep_underground_church,
          nicolae_elf_glass_and_crystal_pillar_1, nicolae_elf_stone_circles,
          grunt_ministairs_11
Elf:2:    uniq_aizul
Elf:3:    minmay_elf_hall_hex
Vaults:1: ontoclasm_vaults_tryst, vaults_room_grunt_arrival_checkpoint,
          hangedman_vaults_restitches, vaults_room_hallway
Vaults:2: dpeg_vaults_monster_box, v_misc_9, vaults_mumra_minichess_inversion,
          hangedman_vaults_snaps, ontoclasm_vaults_gateway, v_misc_23,
          nicolae_vaults_shelves_hall, ontoclasm_vaults_ring_small,
          nicolae_vaults_asterisk, nicolae_vaults_big_ls,
          hangedman_vaults_impose, serial_shops, nicolae_shop_statue_plus,
          uniq_saint_roka
Vaults:3: v_misc_14, hangedman_vaults_nodes, nicolae_vaults_three_branches,
          nicolae_vaults_shelves_hall, minmay_crypt_entry_necro_gods,
          v_pattern_3, nicolae_vaults_border_crossing, ontoclasm_vaults_shout,
          v_misc_12, vaults_room_large_hall, grunt_vaults_funnel
Vaults:4: v_misc_8, hangedman_vaults_capsules, nicolae_vaults_quadrants,
          v_misc_17, v_misc_4, v_misc_27, v_misc_14, v_misc_14,
          vaults_dpeg_diagonal, serial_shops, statue_bzr
Depths:1: enter_ziggurat_f, pf_coc_iceberg, nicolae_water_bricks,
          marbit_kobold_abyss_entry, glass_columns_c, minmay_crystal_box
Depths:2: minmay_the_grid_triangle_9x9_rhombus_full_mashed,
          hangedman_decor_growths, hell_entry, abyss_entry, spider_trap,
          minmay_crystal_water
Depths:3: evilmike_hourglass, solitary_fountain, grunt_hell_horde, pan_entry,
          serial_co_window_serial, co_window_paths_a, co_window_corner_a,
          co_window_of_opportunity_a, co_window_corner_a, co_window_cross_1,
          co_window_of_opportunity_b, co_window_unsneaky_path_c,
          co_window_unsneaky_path_e, co_window_paths_c, glass_columns_a,
          glass_columns_a, glass_columns_a, glass_columns_a, glass_columns_a,
          guppyfry_shop_venom
Depths:4: kennysheep_large_vault, hell_entry, abyss_entry,
          minmay_misc_feat_cross, infiniplex_staircase_zigzag_2
Depths:5: lemuel_castle_with_subvaults, grunt_hell_entry_dis_grunt,
          kennysheep_kite_vault
Abyss:3:  evilmike_abyss_exit_16, grunt_abyss_rune_forest_and_sorcery,
          hangedman_abyss_exit_choices
Bazaar:   bazaar_minmay_generic_island
Trove:    trove_armour_1
IceCv:    ice_cave_small_demon

Skill      XL: |  1  2  3  4  5  6  7  8  9 10 11 12 13 14 15 16 17 18 19 20 21 22 23 24 |
---------------+-------------------------------------------------------------------------+-----
Dodging        | 1 2 3 5 7 8 9 10 11 12 13 14 | 14.3
Axes           | 1 2 3 4 6 7 9 10 12 13 14 16 17 18 19 20 21 22 23 | 23.7
Armour         | 3 4 5 7 8 9 10 11 12 13 14 15 16 17 | 17.9
Shields        | 2 3 4 5 6 8 9 10 11 12 13 14 15 16 17 | 17.8
Fighting       | 7 8 9 10 11 12 13 14 15 16 17 18 19 | 19.8
Invocations    | 4 6 8 9 11 12 13 14 15 16 17 | 17.4
Throwing       | 2 4 5 6 7 8 9 10 11 12 | 12.9
Evocations     | 1 4 |  4.3
Maces & Flails | |  1.1
Stealth        | |  1.0

Action                   |  1- 3 |  4- 6 |  7- 9 | 10-12 | 13-15 | 16-18 | 19-21 | 22-24 || total
-------------------------+-------+-------+-------+-------+-------+-------+-------+-------++-------
Melee: Club              |    67 |       |       |       |       |       |       |       ||    67
       Whip              |    34 |       |       |       |       |       |       |       ||    34
       Hand axe          |    76 |   275 |   489 |   248 |   927 |  1227 |  1254 |    18 ||  4514
       Morningstar       |       |    24 |     1 |       |       |       |       |       ||    25
       Kick              |       |       |   163 |   227 |   543 |   203 |       |       ||  1136
       War axe           |       |       |       |   339 |   239 |       |   229 |   268 ||  1075
       Unarmed           |       |       |       |       |       |     1 |       |       ||     1
       Broad axe         |       |       |       |       |       |       |       |   892 ||   892
Throw: Tomahawk          |       |       |     2 |       |       |       |       |       ||     2
       Javelin           |       |       |       |       |       |       |       |     1 ||     1
Invok: Convert to Beogh  |       |     1 |       |       |       |       |       |       ||     1
       Give Item to Name |       |       |       |     1 |     3 |     6 |     3 |       ||    13
       Recall Orcish Fol |       |       |       |       |     2 |     2 |     4 |     3 ||    11
       Resurrection      |       |       |       |       |     1 |     1 |     1 |       ||     3
       Smiting           |       |       |       |       |       |       |       |     1 ||     1
Evoke: Wand              |       |       |     1 |     1 |       |    17 |       |     1 ||    20
       Phantom mirror    |       |       |       |       |       |       |       |     1 ||     1
  Use: Potion            |       |       |    12 |       |     2 |     6 |     6 |     6 ||    32
       Scroll            |       |       |       |    18 |    12 |     5 |    17 |    16 ||    68
 Stab: Distracted        |       |       |       |     9 |    12 |    16 |    19 |    11 ||    67
       Paralysed         |       |       |       |       |    20 |       |       |       ||    20
       Petrifying        |       |       |       |       |     1 |       |       |       ||     1
       Petrified         |       |       |       |       |       |       |       |     1 ||     1
  Eat: Chunk             |       |     9 |     9 |    17 |    27 |    14 |    21 |    12 ||   109
       Ration            |       |       |     2 |     1 |     2 |     3 |     3 |     4 ||    15
Armor: Ring mail         |    99 |   115 |   125 |    50 |       |       |       |       ||   389
       Skin              |       |       |     6 |       |       |       |       |       ||     6
       Plate armour      |       |       |       |   206 |   406 |   440 |   452 |   597 ||  2101
       Leather armour    |       |       |       |       |       |     1 |       |       ||     1
Dodge: Dodged            |    81 |   104 |   161 |   176 |   260 |   285 |   410 |   393 ||  1870
Block: Shield            |    95 |   145 |   262 |   474 |   996 |   650 |       |       ||  2622
       Reflection        |       |       |       |    17 |    32 |    66 |   148 |    44 ||   307
       Large shield      |       |       |       |       |       |   711 |  1576 |  1596 ||  3883

Table legend:
 A = Spawn XP
 B = Non-spawn XP
 C = Spawn XP percentage of total XP
 D = Spawn monster count
 E = Non-spawn monster count
 F = Spawn count percentage of total count
 G = Total turns spent on level
                    A         B        C        D         E        F      G
               +---------+---------+-------+---------+---------+-------+---------
         Total |    3835 |  930450 |   0.4 |       5 |    2009 |   0.2 | 46789
               +---------+---------+-------+---------+---------+-------+---------
           D:1 |       0 |      35 |   0.0 |       0 |      20 |   0.0 |   864
           D:2 |       0 |     146 |   0.0 |       0 |      27 |   0.0 |   824
           D:3 |       0 |     198 |   0.0 |       0 |      34 |   0.0 |   904
           D:4 |       0 |     438 |   0.0 |       0 |      15 |   0.0 |  1260
           D:5 |       0 |    1069 |   0.0 |       0 |      22 |   0.0 |   982
           D:6 |       0 |     887 |   0.0 |       0 |      30 |   0.0 |  1672
           D:7 |       0 |    1806 |   0.0 |       0 |      40 |   0.0 |   928
           D:8 |       0 |    4099 |   0.0 |       0 |      30 |   0.0 |  1424
           D:9 |       0 |    2576 |   0.0 |       0 |      42 |   0.0 |   720
          D:10 |       0 |    4007 |   0.0 |       0 |      35 |   0.0 |  1169
          D:11 |       0 |    2717 |   0.0 |       0 |      24 |   0.0 |   589
          D:12 |       0 |    5955 |   0.0 |       0 |      46 |   0.0 |   930
          D:13 |       0 |   12741 |   0.0 |       0 |      64 |   0.0 |  1964
          D:14 |       0 |    6118 |   0.0 |       0 |      30 |   0.0 |   690
          D:15 |       0 |   16383 |   0.0 |       0 |      46 |   0.0 |  1813
        Lair:1 |       0 |    2905 |   0.0 |       0 |      14 |   0.0 |   894
        Lair:2 |       0 |    4129 |   0.0 |       0 |      22 |   0.0 |  1070
        Lair:3 |       0 |    6571 |   0.0 |       0 |      22 |   0.0 |   624
        Lair:4 |       0 |   11059 |   0.0 |       0 |      54 |   0.0 |   864
        Lair:5 |       0 |    1916 |   0.0 |       0 |      11 |   0.0 |   720
        Lair:6 |       0 |   17896 |   0.0 |       0 |      64 |   0.0 |   867
      Spider:1 |       0 |   10529 |   0.0 |       0 |      41 |   0.0 |  1118
      Spider:2 |       0 |   11529 |   0.0 |       0 |      47 |   0.0 |   529
      Spider:3 |       0 |   25734 |   0.0 |       0 |      71 |   0.0 |   575
      Spider:4 |       0 |   28251 |   0.0 |       0 |      87 |   0.0 |   988
       Slime:1 |       0 |   14747 |   0.0 |       0 |      23 |   0.0 |   750
       Slime:2 |       0 |   13596 |   0.0 |       0 |      17 |   0.0 |   573
       Slime:3 |       0 |    8341 |   0.0 |       0 |      10 |   0.0 |   485
       Slime:4 |       0 |   15414 |   0.0 |       0 |      29 |   0.0 |   842
       Slime:5 |       0 |   25792 |   0.0 |       0 |      15 |   0.0 |   137
         Orc:1 |       0 |    1410 |   0.0 |       0 |       8 |   0.0 |   419
         Orc:2 |       0 |   16523 |   0.0 |       0 |      56 |   0.0 |   902
         Elf:1 |       0 |   16178 |   0.0 |       0 |      33 |   0.0 |   790
         Elf:2 |       0 |   29865 |   0.0 |       0 |      52 |   0.0 |   937
         Elf:3 |       0 |   49456 |   0.0 |       0 |      71 |   0.0 |  1136
      Vaults:1 |       0 |   25171 |   0.0 |       0 |      52 |   0.0 |  1324
      Vaults:2 |       0 |   62099 |   0.0 |       0 |     111 |   0.0 |  1500
      Vaults:3 |       0 |   56321 |   0.0 |       0 |      86 |   0.0 |  1812
      Vaults:4 |       0 |   36310 |   0.0 |       0 |      68 |   0.0 |  1552
      Depths:1 |       0 |   69076 |   0.0 |       0 |      96 |   0.0 |  2074
      Depths:2 |       0 |   53160 |   0.0 |       0 |      67 |   0.0 |  1248
      Depths:3 |       0 |   59253 |   0.0 |       0 |      71 |   0.0 |  1082
      Depths:4 |       0 |  105761 |   0.0 |       0 |      91 |   0.0 |  1414
      Depths:5 |       0 |   83792 |   0.0 |       0 |      83 |   0.0 |  1196
       Abyss:3 |    3835 |    3842 |  50.0 |       5 |       7 |  41.7 |   185
         IceCv |       0 |    4649 |   0.0 |       0 |      25 |   0.0 |   815
               +---------+---------+-------+---------+---------+-------+---------
